 Dungeon Sprint DCSS version 0.21.1-1-g345015f (webtiles) character file.

1148 Fang the Cleaver (level 8, -1/127 HPs)
             Began as a Minotaur Berserker on May 31, 2018.
             Was a High Priest of Trog.
             Slain by an orc wizard
             ... wielding a cursed -2 dagger
              (3 damage)
             ... in the Dungeon (Sprint IX: "|||||||||||||||||||||||||||||").
             The game lasted 00:01:05 (516 turns).

Fang the Cleaver (Minotaur Berserker)                Turns: 516, Time: 00:01:06

Health: -1/127     AC:  0    Str: 29    XL:     8   Next: 15%
Magic:  7/7        EV: 16    Int:  7    God:    Trog [*****.]
Gold:   0          SH:  0    Dex: 10    Spells: 7/7 levels left

rFire    . . .     SeeInvis .   n - +1 broad axe (chop)
rCold    . . .     Gourm    .   (no shield)
rNeg     . . .     Faith    .   o - +2 ring mail
rPois    .         Spirit   .   (helmet restricted)
rElec    .         Reflect  .   (no cloak)
rCorr    .         Harm     .   (no gloves)
MR       .....     NoTele   +   (no boots)
Stlth    ..........             (no amulet)
HPRegen  0.31/turn              p - +2 ring of evasion
MPRegen  0.10/turn              q - +3 ring of intelligence

@: berserking (expiring), corroded, very quick
A: retaliatory headbutt, horns 2
a: Berserk, Trog's Hand, Brothers in Arms, Burn Spellbooks, Renounce Religion


You were in the Dungeon.
You worshipped Trog.
Trog was extremely pleased with you.
You were not hungry.

You visited 1 branch

Inventory:

Hand Weapons
 a - a +0 hand axe
 n - a +1 broad axe of chopping (weapon)
Armour
 b - a +0 animal skin
 o - a +2 ring mail (worn)
Jewellery
 p - a +2 ring of evasion (left hand)
 q - a +3 ring of intelligence (right hand)
Wands
 m - a wand of acid (10)
Scrolls
 i - 2 scrolls of blinking
 l - 3 scrolls of remove curse
Potions
 d - 5 potions of curing
 e - 3 potions of heal wounds
 f - a potion of haste
 g - 4 potions of magic
 h - a potion of berserk rage
 k - a potion of invisibility
Comestibles
 c - a ration
 j - 10 chunks of flesh


   Skills:
 + Level 12.9 Fighting
 + Level 13.8 Axes
 + Level 7.0 Armour
 + Level 7.5 Dodging


You had 7 spell levels left.
You didn't know any spells.

Dungeon Overview and Level Annotations

Branches:
Dungeon (1/1)

Altars:
Cheibriados
Dithmenos
Elyvilon
Fedhas
Gozag
Hepliaklqana
Kikubaaqudgha
Makhleb
Nemelex Xobeh
Okawaru
Qazlal
Ru
Sif Muna
Trog
Uskayaw
Vehumet
Wu Jian
Xom
Yredelemnul
Zin
The Shining One
Beogh
Jiyva
Lugonu


Innate Abilities, Weirdness & Mutations

You reflexively headbutt those who attack you in melee.
You have a pair of horns on your head.


Message History

The acid corrodes you!
You are splashed with acid!
The acid burns!
* * * LOW HITPOINT WARNING * * *
You slice the brown ugly thing!!
You kill the brown ugly thing!
Trog accepts your kill.
Your Armour skill increases to level 7!
You have reached level 8!
You feel stronger.
You hear some strange, mumbled words.
A puff of flame appears from out of thin air!
The puff of flame misses you.
There is an open door, spattered with blood here.
You see here an ugly thing corpse.
You closely miss something. Something hits you but does no damage.
Unknown command.
You hit something. Something hits you.
* * * LOW HITPOINT WARNING * * *
Unknown command.
You miss something. You headbutt something. Something hits you.
You die...

▓.▓
▓)▓
▓)▓
▓)▓
▓.▓
▓.▓
▓.▓
▓.▓
▓@▓
▓{▓
▓{▓
▓O▓
▓c▓
▓o▓
▓.▓
▓+▓


You could see a centaur warrior, an ogre and an orc wizard.

Vanquished Creatures
  A two-headed ogre (D)
  An ugly thing (D)
  A water moccasin (D)
  A quasit (D)
  A gnoll (D)
  2 adder zombies (D)
  A leopard gecko (D)
  2 orcs (D)
  A bat zombie (D)
  A giant cockroach (D)
  2 goblins (D)
  2 frilled lizards (D)
  A rat (D)
17 creatures vanquished.

Notes
Turn   | Place    | Note
-------+----------+-------------------------------------------
     0 | D        | Fang the Minotaur Berserker began the quest for the Orb.
     0 | D        | Reached XP level 1. HP: 19/19 MP: 0/0
     6 | D        | Reached skill level 4 in Axes
     8 | D        | Reached ** piety under Trog
   230 | D        | Noticed a quasit
   230 | D        | Noticed a water moccasin
   233 | D        | Reached skill level 5 in Fighting
   233 | D        | Reached skill level 5 in Axes
   233 | D        | Reached XP level 2. HP: 29/29 MP: 1/1
   236 | D        | Reached *** piety under Trog
   236 | D        | Reached skill level 6 in Axes
   236 | D        | Reached XP level 3. HP: 37/37 MP: 2/2
   241 | D        | Killed a water moccasin
   241 | D        | Reached skill level 8 in Axes
   241 | D        | Reached XP level 4. HP: 49/49 MP: 3/3
   241 | D        | Reached XP level 5. HP: 55/55 MP: 4/4
   379 | D        | Found a roughly hewn altar of Beogh.
   379 | D        | Found a snail-covered altar of Cheibriados.
   379 | D        | Found a shadowy altar of Dithmenos.
   379 | D        | Found a white marble altar of Elyvilon.
   379 | D        | Found a blossoming altar of Fedhas.
   379 | D        | Found an opulent altar of Gozag.
   380 | D        | Found a hazy altar of Hepliaklqana.
   381 | D        | Found a viscous altar of Jiyva.
   382 | D        | Found an ancient bone altar of Kikubaaqudgha.
   383 | D        | Found a corrupted altar of Lugonu.
   384 | D        | Found a burning altar of Makhleb.
   385 | D        | Found a sparkling altar of Nemelex Xobeh.
   386 | D        | Found an iron altar of Okawaru.
   387 | D        | Found a stormy altar of Qazlal.
   388 | D        | Found a sacrificial altar of Ru.
   389 | D        | Found a deep blue altar of Sif Muna.
   390 | D        | Found a bloodstained altar of Trog.
   391 | D        | Found a hide-covered altar of Uskayaw.
   392 | D        | Found a radiant altar of Vehumet.
   393 | D        | Found an ornate altar of the Wu Jian Council.
   394 | D        | Found a shimmering altar of Xom.
   395 | D        | Found a basalt altar of Yredelemnul.
   396 | D        | Found a glowing silver altar of Zin.
   397 | D        | Found a glowing golden altar of the Shining One.
   438 | D        | Noticed a two-headed ogre
   442 | D        | Killed a two-headed ogre
   442 | D        | Reached **** piety under Trog
   442 | D        | Reached skill level 12 in Axes
   442 | D        | Reached XP level 6. HP: 70/70 MP: 5/5
   442 | D        | Reached XP level 7. HP: 77/77 MP: 6/6
   449 | D        | Reached ***** piety under Trog
   451 | D        | Reached skill level 13 in Axes
   497 | D        | Noticed a brown ugly thing
   497 | D        | Noticed a centaur warrior
   511 | D        | HP: 5/115 [acid (6)]
   512 | D        | Killed a brown ugly thing
   512 | D        | Reached XP level 8. HP: 5/85 MP: 7/7
   515 | D        | HP: 2/127 [something (4)]
   516 | D        | Slain by an orc wizard

Skill      XL: |  1  2  3  4  5  6  7 |
---------------+----------------------+-----
Fighting       | 5 6 8 12 | 12.9
Axes           | 5 6 8 12 13 | 13.8
Armour         | 3 4 6 7 |  7.0
Dodging        | 3 4 7 |  7.5

Action                   |  1- 3 |  4- 6 |  7- 9 || total
-------------------------+-------+-------+-------++-------
Melee: Hand axe          |    16 |     7 |       ||    23
       Headbutt          |     2 |     1 |     6 ||     9
       Broad axe         |       |     3 |    24 ||    27
Invok: Berserk           |     1 |     1 |     1 ||     3
  Eat: Chunk             |       |       |     1 ||     1
Armor: Animal skin       |     2 |       |       ||     2
       Ring mail         |       |       |     4 ||     4
Dodge: Dodged            |     7 |     3 |     3 ||    13
